 Dungeon Crawl Stone Soup version 0.25-a0-834-g55863b0b92 (webtiles) character file.

Game seed: 10214702757757394961, levelgen mode: deterministic

56 MisterFreud the Skirmisher (level 3, 0/27 HPs)
             Began as a Felid Skald on Apr 23, 2020.
             Succumbed to a worker ant's poison
             ... on level 2 of the Dungeon.
             The game lasted 00:02:02 (1866 turns).

MisterFreud the Skirmisher (Felid Skald)            Turns: 1866, Time: 00:02:03

Health: 0/27       AC: 21    Str:  7    XL:     3   Next: 71%
Magic:  0/7        EV:  4    Int: 15    God:
Gold:   57         SH:  0    Dex: 15    Spells: 0/6 levels left
                                        Lives:  0   Deaths: 0

rFire    . . .     SeeInvis +     - Unarmed
rCold    . . .     Gourm    .   (shield unavailable)
rNeg     + + +     Faith    .   (armour unavailable)
rPois    +         Spirit   .   (helmet unavailable)
rElec    .         Reflect  .   (cloak unavailable)
rCorr    .         Harm     .   (gloves unavailable)
MR       .....     NoTele   +   (boots unavailable)
Stlth    ++........             (no amulet)
HPRegen  0.09/turn              (no ring)
MPRegen  0.10/turn              (no ring)

@: lethally poisoned (0 -> -14), tree-form, infused (expiring)
A: very small, no armour, no weapons or thrown items, stealth, see invisible,
carnivore, slow metabolism 1
a: no special abilities


You were on level 2 of the Dungeon.
You were very full.
You were a tree.
You visited 1 branch of the dungeon, and saw 2 of its levels.

You collected 57 gold pieces.

Inventory:

Scrolls
 c - a scroll of amnesia {unknown}
 d - 3 scrolls of remove curse {unknown}
 e - a scroll of identify {unknown}
 g - a scroll of noise {unknown}
Potions
 f - a potion of flight {unknown}
Comestibles
 b - 2 rations


   Skills:
 - Level 4.0 Fighting
 + Level 3.3 Dodging
 + Level 0.5 Stealth
 + Level 2.0 Unarmed Combat
 - Level 2.0 Spellcasting
 - Level 3.6 Charms


You couldn't memorise any spells.
You knew the following spells:

 Your Spells              Type           Power        Failure   Level  Hunger
a - Infusion              Chrm           ##..         4%          1    #......
b - Shroud of Golubria    Chrm/Tloc      #.....       16%         2    ###....
c - Ozocubu's Armour      Chrm/Ice       #.......     32%         3    ###....

Your spell library contained the following spells:

 Spells                   Type           Power        Failure   Level  Hunger
 Song of Slaying          Chrm           ##......     8%          2    ###....
 Spectral Weapon          Hex/Chrm       Unusable     N/A         3    N/A

Dungeon Overview and Level Annotations

Branches:
Dungeon (2/15)

Altars:


Innate Abilities, Weirdness & Mutations

You cannot wear armour.
You are incapable of wielding weapons or throwing items.
Your paws allow you to move quietly. (Stealth)
((You have sharp claws.))
((You have razor-sharp teeth.))
You have supernaturally acute eyesight. (SInv)
You are carnivorous and can eat meat at any time.
((You cover ground quickly.))
((You are covered in fur. (AC +1)))
You have a slow metabolism.
((Your sharp claws are effective at attacking unaware monsters.))


Message History

The worker ant bites you but does no damage.
Unknown command.
Unknown command.
You hit the worker ant but do no damage.
The worker ant is almost dead.
* * * LOW HITPOINT WARNING * * *
You feel sick.
The worker ant bites you but does no damage.
The rat bites you but does no damage.
Unknown command.
You smack the worker ant!
You kill the worker ant!
Training target 4.0 for Fighting reached!
Your Fighting skill increases to level 4!
You need to enable at least one skill for training.
* * * LOW HITPOINT WARNING * * *
You feel sick. The rat barely misses you.
You hit the rat.
The rat is severely wounded.
You die...

.....#.. ........
...#... ....+.>. ######
#....#... ... #....#
#....#... ....
#....###....#...
.....####...........#...
#...†♣............#...
#...r............##...
#....(..##.......#....
#.......##.......#....
#.......#######.##....
#.......# #.##....
#.......# #.......
#.......# ####....
#.......# #....


You could see a rat.

Vanquished Creatures
  A worker ant (D:2)
  A gnoll (D:1)
  A leopard gecko (D:1)
  A bat (D:1)
  A goblin (D:1)
  5 hobgoblins
  3 jackals (D:1)
  4 kobolds
  A ball python (D:1)
  3 rats (D:1)
21 creatures vanquished.

Notes
Turn   | Place    | Note
-------+----------+-------------------------------------------
     0 | D:1      | MisterFreud the Felid Skald began the quest for the Orb.
     0 | D:1      | Reached XP level 1. HP: 9/9 MP: 4/4
   711 | D:1      | Reached XP level 2. HP: 13/13 MP: 3/6
   715 | D:1      | Learned a level 2 spell: Shroud of Golubria
   767 | D:1      | Reached skill level 3 in Fighting
  1563 | D:1      | Reached XP level 3. HP: 12/17 MP: 7/7
  1575 | D:1      | Learned a level 3 spell: Ozocubu's Armour
  1865 | D:2      | Reached skill level 4 in Fighting
  1865 | D:2      | HP: 1/27 [poisoned by a worker ant]
  1866 | D:2      | Succumbed to a worker ant's poison

Levels and vault maps discovered:
D:1:      lemuel_arrival_muddy, layout_basic
D:2:      layout_basic, lemuel_coloured_pillars_altar, lemuel_round_altar

Skill      XL: |  1  2  3 |
---------------+----------+-----
Fighting       | 3 4 |  4.0
Dodging        | |  3.3
Stealth        | |  0.5
Unarmed Combat | |  2.0
Spellcasting   | |  2.0
Charms         | |  3.6

Action                   || total
-------------------------++-------
Melee: Unarmed           ||    67
       Bite              ||     2
 Cast: Infusion          ||    11
       Shroud of Golubri ||     1
  Use: Potion            ||     1
 Stab: Sleeping          ||     2
  Eat: Chunk             ||     7
Armor: Skin              ||     4
Dodge: Dodged            ||    49

Table legend:
 A = Non-vault XP
 B = Vault XP
 C = Vault XP percentage of total XP
 D = Non-vault monster count
 E = Vault monster count
 F = Vault count percentage of total count
                 A         B        C        D         E       F
            +---------+---------+-------+---------+---------+-------
      Total |      81 |       0 |   0.0 |      21 |       0 |   0.0
            +---------+---------+-------+---------+---------+-------
        D:1 |      44 |       0 |   0.0 |      18 |       0 |   0.0
        D:2 |      37 |       0 |   0.0 |       3 |       0 |   0.0
            +---------+---------+-------+---------+---------+-------
